 Dungeon Crawl Stone Soup version 0.31-a0-175-g9f7f995f2b (webtiles) character file.

Game seed: 4427681422894519208

104 qw the Shooter (level 4, 0/28 HPs)
             Began as a Gargoyle Hunter on June 17, 2023.
             Slain by a gnoll
             ... wielding a +0 halberd
             ... led by a gnoll bouda
              (7 damage)
             ... on level 4 of the Dungeon.
             The game lasted 00:00:42 (2031 turns).

qw the Shooter (Gargoyle Hunter)                    Turns: 2031, Time: 00:00:43

Health: 0/28       AC:  8    Str: 15    XL:     4   Next: 80%
Magic:  4/4        EV: 11    Int:  9    God:
Gold:   161        SH:  0    Dex: 15    Spells: 3/3 levels left

rFire   . . .        b - +0 shortbow (heavy)
rCold   . . .        (shield currently unavailable)
rNeg    + . .        i - +0 ring mail
rPois   inf          (no helmet)
rElec   +            (no cloak)
rCorr   .            (no gloves)
SInv    .            (no boots)
Will    .....        (no amulet)
Stlth   +            (no ring)
HPRegen 0.24/turn    (no ring)
MPRegen 0.09/turn

%: no passive effects
@: weakened
A: sickness immunity, AC +3, negative energy resistance 1, electricity
resistance, torment resistance 1, petrification resistance
a: no special abilities


You were on level 4 of the Dungeon.
You visited 1 branch of the dungeon, and saw 4 of its levels.

You collected 161 gold pieces.


Innate Abilities, Weirdness & Mutations

You are immune to sickness and miasma.
Your stone body is resilient. (AC +3)
You are immune to poison.
You resist negative energy. (rN+)
You are resistant to electric shocks. (rElec)
You are resistant to unholy torment.
You are immune to petrification.


   Skills:
 - Level 3.0 Fighting
 + Level 5.5 Ranged Weapons
 - Level 1.0 Armour
 - Level 1.5 Dodging
 - Level 1.1 Stealth


You had 3 spell levels left.
You didn't know any spells.
Your spell library was empty.

Inventory:

Hand Weapons
 b - a +0 heavy shortbow (weapon)
Armour
 i - a +0 ring mail (worn)
Jewellery
 a - a ring of ice
Scrolls
 h - a scroll of brand weapon
 k - a scroll of identify
Potions
 d - a potion of curing
 e - a potion of lignification
 g - a potion of mutation
 j - a potion of magic {unknown}
 l - 2 potions of enlightenment

Dungeon Overview and Level Annotations

Branches:
Dungeon (4/15)
 Temple: D:4-7

Altars:


Message History

The gnoll is moderately wounded.
A gnoll comes into view. It is wielding a +0 whip.
A gnoll bouda comes into view. It is wielding a +0 whip.
You shoot an arrow. The gnoll shouts!
The arrow hits the gnoll!
You kill the gnoll!
The gnoll bouda barks out a call to the hunt!
The gnoll picks up the pace!
A gnoll comes into view. It is wielding a +0 halberd.
2024 ||| Stepping ~*~*~tactically~*~*~ (outnumbered).
A gnoll is nearby!
You shoot an arrow. The arrow closely misses the gnoll.
You shoot an arrow. The arrow barely misses the gnoll.
The gnoll hits you with a +0 whip. The gnoll hits you but does no damage.
You shoot an arrow. The arrow hits the gnoll.
The gnoll is lightly wounded.
You hear a shout!
A ball python comes into view.
The gnoll hits you with a +0 whip. The gnoll closely misses you.
You shoot an arrow. The arrow hits the gnoll!
You kill the gnoll!
A gnoll comes into view. It is wielding a +0 halberd.
The gnoll closely misses you.
The gnoll bouda gazes fiercely through you!
You feel your attacks grow feeble.
The gnoll bouda hits you with a +0 whip!
The gnoll hits you from afar with a +0 halberd!
2030 ||| DRINKING potion of heal wounds.
You feel much better.
The gnoll bouda hits you with a +0 whip.
The gnoll closely misses you.
You shoot an arrow.
The arrow barely misses the gnoll bouda.
The arrow hits the ball python!
You kill the ball python!
The gnoll misses you. The gnoll bouda barely misses you.
The gnoll hits you from afar with a +0 halberd.
The gnoll hits you from afar with a +0 halberd!
You die...

###########.##
#####.#
#.....# ###
#.##### ..#
#%# #.# #.#
#.# #.# #.#
#.# #@# #.#
##g###.#
#####g%g##.##
.gg)....<....#
.g...........#
#######.####.#
#.# #.# #.#
#.# #.# #.#


You could see a gnoll bouda and 2 gnolls.

Vanquished Creatures
  2 gnolls (D:4)
  4 adders
  An orc (D:3)
  5 ball pythons
  8 bats
  4 endoplasms
  A giant cockroach (D:3)
  5 hobgoblins
  A quokka (D:1)
  4 frilled lizards
  7 goblins
  3 kobolds
  4 rats
49 creatures vanquished.

Notes
Turn   | Place    | Note
-------+----------+-------------------------------------------
     0 | D:1      | qw the Gargoyle Hunter began the quest for the Orb.
     0 | D:1      | Reached XP level 1. HP: 12/12 MP: 1/1
     0 | D:1      | 0 ||| qw: Version: 0.3-a-2-g5ab2908
     0 | D:1      | 0 ||| qw: Game counter: 375
     0 | D:1      | 0 ||| qw: Always use a shield: true
     0 | D:1      | 0 ||| qw: God list: Okawaru
     0 | D:1      | 0 ||| qw: Allow faded altars: false
     0 | D:1      | 0 ||| qw: Do Orc after D:15 true
     0 | D:1      | 0 ||| qw: Do second Lair branch before Depths: true
     0 | D:1      | 0 ||| qw: Lair rune preference: random
     0 | D:1      | 0 ||| qw: Plans: Normal, Zot:1-4, Slime:5, God:TSO, Crypt,
                  | Tomb, Abyss, Pan, Hells, Win
     0 | D:1      | 0 ||| PLANNING D:1-11
   269 | D:1      | 269 ||| Stepping ~*~*~tactically~*~*~ (water).
   271 | D:1      | Reached XP level 2. HP: 17/17 MP: 2/2
   773 | D:1      | 773 ||| READING scroll labelled XAT LEALATZYQAOR.
   774 | D:1      | 774 ||| READING 3 scrolls labelled UQAKIUKYEQ.
   775 | D:1      | 775 ||| READING 2 scrolls of brand weapon.
   775 | D:1      | 775 ||| BRANDING +0 shortbow of freezing.
   776 | D:1      | 776 ||| READING scroll of brand weapon.
   776 | D:1      | 776 ||| BRANDING +0 shortbow of chaos.
   777 | D:1      | 777 ||| READING scroll labelled ONUIFA QIJO.
   778 | D:1      | 778 ||| READING scroll labelled KUKIDO DIMO.
   779 | D:1      | 779 ||| READING scroll labelled QAAFOO ZEFIOTUIR.
   780 | D:1      | 780 ||| READING scroll labelled DAK GIAFIRCHOFO.
   781 | D:1      | 781 ||| DRINKING 2 bubbling ruby potions.
   825 | D:1      | 825 ||| DROPPING scroll of butterflies.
   842 | D:2      | 842 ||| STAIRDANCE
   846 | D:1      | Reached skill level 5 in Ranged Weapons
   846 | D:1      | Reached XP level 3. HP: 13/21 MP: 3/3
  1005 | D:2      | 1005 ||| READING 2 scrolls of brand weapon.
  1005 | D:2      | 1005 ||| BRANDING +0 shortbow of flaming.
  1276 | D:2      | 1276 ||| UPGRADING to +0 ring mail.
  1286 | D:2      | 1286 ||| DROPPING +0 leather armour.
  1287 | D:2      | 1287 ||| READING scroll labelled CENAGU SOFU.
  1288 | D:2      | 1288 ||| DRINKING 2 viscous puce potions.
  1503 | D:3      | Reached skill level 1 in Armour
  1589 | D:3      | Reached skill level 3 in Fighting
  1589 | D:3      | Reached XP level 4. HP: 28/28 MP: 4/4
  1974 | D:3      | 1974 ||| READING scroll labelled AKHLUPPE KOQE.
  1975 | D:3      | 1975 ||| DRINKING 2 murky purple potions.
  1976 | D:3      | 1976 ||| READING 3 scrolls of identify.
  1976 | D:3      | 1976 ||| IDENTIFYING fuming ruby potion
  1977 | D:3      | 1977 ||| READING 2 scrolls of identify.
  1977 | D:3      | 1977 ||| IDENTIFYING smoky grey potion
  2024 | D:4      | 2024 ||| Stepping ~*~*~tactically~*~*~ (outnumbered).
  2029 | D:4      | HP: 2/28 [gnoll/+0 halberd[a gnoll bouda] (11)]
  2030 | D:4      | 2030 ||| DRINKING potion of heal wounds.
  2031 | D:4      | Slain by a gnoll

Levels and vault maps discovered:
D:1:      roderic_chinese_lattice_arrival, layout_basic, minivault_14,
          minmay_misc_feat_roman, chequers_serial_rivers_large_b,
          dreamdust_princess_bridge, minmay_misc_feat_alley,
          amcnicky_mini_pool_small, minmay_pentomino_r2
D:2:      layout_rooms
D:3:      layout_basic, minmay_hedge_maze, roderic_lattice_a
D:4:      layout_loops_ring, kennysheep_nondescript

Skill      XL: |  1  2  3 |
---------------+----------+-----
Ranged Weapons | 5 |  5.5
Armour         | 1 |  1.0
Fighting       | 3 |  3.0
Dodging        | |  1.5
Stealth        | |  1.1

Action                     |  1- 3 |  4- 6 || total
---------------------------+-------+-------++-------
   Fire: Shortbow          |   111 |    18 ||   129
    Use: Scroll            |    10 |     3 ||    13
         Potion            |     2 |     2 ||     4
 Armour: Leather armour    |    22 |       ||    22
         Ring mail         |     1 |     3 ||     4
  Dodge: Dodged            |    35 |    10 ||    45

Table legend:
 A = Non-vault XP
 B = Vault XP
 C = Vault XP percentage of total XP
 D = Non-vault monster count
 E = Vault monster count
 F = Vault count percentage of total count
                 A         B        C        D         E       F
            +---------+---------+-------+---------+---------+-------
      Total |     149 |       2 |   1.3 |      48 |       1 |   2.0
            +---------+---------+-------+---------+---------+-------
        D:1 |      40 |       2 |   4.8 |      19 |       1 |   5.0
        D:2 |      19 |       0 |   0.0 |      12 |       0 |   0.0
        D:3 |      46 |       0 |   0.0 |      13 |       0 |   0.0
        D:4 |      44 |       0 |   0.0 |       4 |       0 |   0.0
            +---------+---------+-------+---------+---------+-------
